 Dungeon Crawl Stone Soup version 0.29.1-2-gbd0b4ee654 (webtiles) character file.

Game seed: 8052747893675329256

43 KittyFluff the Cudgeller (level 3, 0/23 HPs)
             Began as a Gargoyle Berserker on Dec 1, 2022.
             Was a Believer of Trog.
             Slain by a gnoll
             ... wielding a +4 flail
              (9 damage)
             ... on level 1 of the Dungeon.
             The game lasted 00:05:26 (1673 turns).

KittyFluff the Cudgeller (Gargoyle Berserker)       Turns: 1673, Time: 00:05:27

Health: 0/23       AC:  6    Str: 20    XL:     3   Next: 58%
Magic:  3/3        EV: 12    Int:  7    God:    Trog [**....]
Gold:   67         SH:  5    Dex: 11    Spells: 2/2 levels left

rFire   . . .      SeeInvis .   a - +0 mace
rCold   . . .      Faith    .   (no shield)
rNeg    + . .      Spirit   .   b - +0 animal skin
rPois   ∞          Reflect  +   l - +0 helmet
rElec   +          Harm     .   (no cloak)
rCorr   .          Rampage  .   (no gloves)
Will    .....                   (no boots)
Stlth   +.........              d - amulet of reflection
HPRegen 0.07/turn               (no ring)
MPRegen 0.08/turn               (no ring)

@: no status effects
A: sickness immunity, AC +3, negative energy resistance 1, electricity
resistance, torment resistance 1, petrification resistance
a: Renounce Religion, Berserk, Trog's Hand


You were on level 1 of the Dungeon.
You worshipped Trog.
Trog was pleased with you.
You visited 1 branch of the dungeon, and saw 2 of its levels.

You collected 67 gold pieces.

Inventory:

Hand Weapons
 a - a +0 mace (weapon)
Missiles
 e - 15 stones (quivered)
 g - 3 atropa-tipped darts
 j - 5 poisoned darts
 n - 3 boomerangs
Armour
 b - a +0 animal skin (worn)
 l - a +0 helmet (worn)
 m - a +1 ring mail of positive energy
Jewellery
 d - an amulet of reflection (around neck)
Scrolls
 f - 2 scrolls of identify
 h - a scroll of butterflies {unknown}
 i - a scroll of silence {unknown}
 k - a scroll of teleportation {unknown}
Potions
 c - a potion of might


   Skills:
 + Level 3.5 Fighting
 + Level 3.7 Maces & Flails
 * Level 2.7 Armour
 + Level 1.8 Dodging
 + Level 0.6 Stealth


You had 2 spell levels left.
You didn't know any spells.
Your spell library was empty.

Dungeon Overview and Level Annotations

Branches:
Dungeon (2/15)

Altars:


Innate Abilities, Weirdness & Mutations

You are immune to sickness and miasma.
Your stone body is resilient. (AC +3)
You are immune to poison.
You resist negative energy. (rN+)
You are resistant to electric shocks. (rElec)
You are resistant to unholy torment.
You are immune to petrification.


Message History

The gnoll shouts!
There is a stone staircase leading up here.
You barely miss the gnoll. The gnoll hits you with a +0 flail.
You closely miss the gnoll. The gnoll hits you with a +0 flail!
The gnoll hits you but does no damage.
You climb upwards.
There is a stone staircase leading down here.
You hit the gnoll.
The gnoll is lightly wounded.
The gnoll misses you.
You sock the gnoll!
The gnoll is severely wounded.
You block the gnoll's attack. x2
You sock the gnoll!
You kill the gnoll!
Trog accepts your kill.
Things that are here:
a +0 flail; a gnoll corpse You start resting.
HP restored.
There is a stone staircase leading down here.
You climb downwards.
The gnoll completely misses you. The gnoll closely misses you.
You block the gnoll's attack. The gnoll barely misses you.
There is a stone staircase leading up here.
You barely miss the gnoll. The gnoll hits you with a +0 whip.
The gnoll hits you with a +4 flail. The gnoll closely misses you.
The gnoll hits you but does no damage.
You climb upwards.
There is a stone staircase leading down here.
You hit the gnoll.
The gnoll is moderately wounded.
The gnoll barely misses you. The gnoll hits you with a +4 flail.
You hit the gnoll.
The gnoll is heavily wounded.
The gnoll closely misses you. The gnoll hits you with a +4 flail.
You barely miss the gnoll.
The gnoll is heavily wounded.
The gnoll closely misses you. The gnoll hits you with a +4 flail!
You die...

).......#.# #...#.#...#.##.#.#.##
.########.#####.#.#####.##.#.....
...[......#...#.#...# #.##.#..###
##..#######.#.#.###.###.##.#..#
##.....#....#.....#.....##....#
##.###.#.########.###.####.÷..#
#.# #...########.###.###.....#
#.# ###........)g............#
#.# ########g@#########.##.# ##.#
#############'##.# .#'########
#................# ..........#
#................# ..........#
#................# ..........#
#................# ..........#
#...............## ..........#
#...............# ..........#
#...............#


You could see 2 gnolls.

Vanquished Creatures
  A gnoll (D:1)
  A dart slug (D:1)
  3 bats
  2 endoplasms (D:1)
  A giant cockroach (D:1)
  8 hobgoblins
  2 kobolds
  3 ball pythons
  2 frilled lizards (D:1)
  4 goblins (D:1)
  A rat (D:2)
28 creatures vanquished.

Notes
Turn   | Place    | Note
-------+----------+-------------------------------------------
     0 | D:1      | KittyFluff the Gargoyle Berserker began the quest for the
                  | Orb.
     0 | D:1      | Reached XP level 1. HP: 14/14 MP: 1/1
   184 | D:1      | Found a faded altar of an unknown god.
   294 | D:1      | Reached XP level 2. HP: 17/19 MP: 2/2
  1220 | D:2      | Reached XP level 3. HP: 22/23 MP: 3/3
  1339 | D:2      | Reached ** piety under Trog
  1673 | D:1      | Slain by a gnoll

Illustrated notes

Levels and vault maps discovered:
D:1:      elethiomel_arrival_maze, layout_basic, ebering_ecumenical_altar_ruins,
          minmay_misc_feat_room
D:2:      layout_basic

Action                   || total
-------------------------++-------
Melee: Mace              ||    83
  Use: Scroll            ||     1
Armor: Animal skin       ||    28
Dodge: Dodged            ||    47
Block: Other             ||    21
